 Dungeon Crawl Stone Soup version 0.27-a0-95-g5a9077b8ae (webtiles) character file.

Game seed: 1587898036935267484

256040 flidderman the Executioner (level 20, -14/173 HPs)
             Began as a Hill Orc Fighter on Jan 8, 2021.
             Was the Champion of Okawaru.
             Killed from afar by a nagaraja (49 damage)
             ... with a bolt of poison
             ... on level 4 of the Snake Pit on Jan 18, 2021.
             The game lasted 02:42:39 (50206 turns).

flidderman the Executioner (Hill Orc Fighter)      Turns: 50206, Time: 02:42:40

Health: -14/173    AC: 53    Str: 31    XL:     20   Next: 57%
Magic:  23/23      EV: 13    Int:  8    God:    Okawaru [******]
Gold:   2245       SH:  5    Dex: 21    Spells: 19/19 levels left

rFire    . . .     SeeInvis +   a - +6 executioner's axe (holy)
rCold    + . .     Faith    .   (shield currently unavailable)
rNeg     . . .     Spirit   .   T - +10 plate armour of the Equator {Rampage Dex+3}
rPois    .         Reflect  +   s - +2 helmet {SInv}
rElec    .         Harm     .   S - +2 cloak {Stlth+}
rCorr    .         Rampage  +   L - +2 pair of gloves {Str+3}
Will     +....                  I - +2 pair of boots
Stlth    ..........             t - amulet of reflection
HPRegen  0.38/turn              m - ring "Xaklug" {rC+ Dex+6}
MPRegen  0.18/turn              y - +4 ring of protection

@: lethally poisoned (-14 -> -41), heroism, studying Polearms
A: claws 1, icy blue scales 1, deterioration 1, frail 1, low mp 1, strong 1
a: Renounce Religion, Heroism, Finesse


You were on level 4 of the Snake Pit.
You worshipped Okawaru.
Okawaru was exalted by your worship.
You visited 7 branches of the dungeon, and saw 32 of its levels.
You also visited: Bailey, Gauntlet, Ice Cave and Desolation.

You collected 3821 gold pieces.
You spent 1576 gold pieces at shops.

Inventory:

Hand Weapons
 a - a +6 executioner's axe of holy wrath (weapon)
 w - a +0 dire flail
Missiles
 n - 5 throwing nets
 q - 37 javelins (quivered)
Armour
 s - a +2 helmet of see invisible (worn)
 I - a +2 pair of boots (worn)
 L - a +2 pair of gloves of strength (worn)
 S - a +2 cloak of stealth (worn)
 T - the +10 plate armour of the Equator (worn) {Rampage Dex+3}
   (You bought it in a shop on level 8 of the Dungeon)

   It affects your dexterity (+3).
   It bestows one free step when moving towards enemies.
Jewellery
 m - the ring "Xaklug" (left hand) {rC+ Dex+6}
   (You found it in the Desolation of Salt)

   [ring of dexterity]

   It affects your dexterity (+6).
   It protects you from cold.
 r - an uncursed ring of willpower
 t - an amulet of reflection (around neck)
 y - a +4 ring of protection (right hand)
 H - an uncursed ring of resist corrosion
Wands
 c - a wand of digging (10)
 g - a wand of disintegration (47)
 j - a wand of flame (55)
 B - a wand of iceblast (41)
 E - a wand of random effects (42)
 P - a wand of enslavement (8)
 R - a wand of paralysis (15)
 Y - a wand of polymorph (16)
Scrolls
 h - 19 scrolls of remove curse
 i - a scroll of silence
 k - 22 scrolls of teleportation
 x - 3 scrolls of vulnerability
 C - 5 scrolls of magic mapping
 D - 2 scrolls of enchant armour
 F - 5 scrolls of blinking
 G - 2 scrolls of summoning
 Q - a scroll of torment
 U - 4 scrolls of fog
 V - 9 scrolls of identify
 W - 2 scrolls of brand weapon
 Z - 5 scrolls of fear
Potions
 b - 2 potions of brilliance
 d - 3 potions of might
 e - 5 potions of attraction
 f - 10 potions of curing
 l - 8 potions of mutation
 o - 2 potions of cancellation
 p - 2 potions of invisibility
 u - 5 potions of lignification
 v - 2 potions of resistance
 z - 4 potions of berserk rage
 J - a potion of haste
 N - 2 potions of heal wounds
Books
 X - a manual of Polearms
Miscellaneous
 O - a condenser vane


   Skills:
 + Level 19.7(24.7) Fighting
 * Level 25.9(27) Axes
 - Level 5.0(10.5) Slings
 - Level 3.7(10.0) Throwing
 + Level 19.1(24.1) Armour
 - Level 3.5(8.5) Shields
 - Level 7.5 Invocations
 - Level 10.0 Evocations


You had 19 spell levels left.
You didn't know any spells.
Your spell library contained the following spells:

 Spells                   Type           Power        Failure   Level
 Animate Skeleton         Necr           0%           80%         1
 Apportation              Tloc           0%           80%         1
 Beastly Appendage        Tmut           0%           80%         1
 Corona                   Hex            0%           80%         1
 Freeze                   Ice            0%           80%         1
 Magic Dart               Conj           0%           80%         1
 Pain                     Necr           0%           80%         1
 Sting                    Tmut/Pois      0%           80%         1
 Blink                    Tloc           N/A          90%         2
 Call Imp                 Summ           0%           90%         2
 Corpse Rot               Necr/Air       N/A          90%         2
 Ensorcelled Hibernation  Hex/Ice        0%           90%         2
 Poisonous Vapours        Pois/Air       0%           90%         2
 Slow                     Hex            0%           90%         2
 Sublimation of Blood     Necr           0%           90%         2
 Wereblood                Tmut           0%           90%         2
 Call Canine Familiar     Summ           0%           99%         3
 Confusing Touch          Hex            0%           99%         3
 Conjure Flame            Conj/Fire      0%           99%         3
 Dazzling Flash           Conj/Hex       0%           99%         3
 Frozen Ramparts          Ice            0%           99%         3
 Gell's Gravitas          Tloc           0%           99%         3
 Ignite Poison            Fire/Tmut/Pois 0%           99%         3
 Inner Flame              Hex/Fire       0%           99%         3
 Mephitic Cloud           Conj/Pois/Air  0%           99%         3
 Ozocubu's Armour         Ice            0%           99%         3
 Portal Projectile        Hex/Tloc       0%           99%         3
 Spider Form              Tmut/Pois      0%           99%         3
 Stone Arrow              Conj/Erth      0%           99%         3
 Tukima's Dance           Hex            0%           99%         3
 Vampiric Draining        Necr           0%           99%         3
 Animate Dead             Necr           0%           100%        4
 Dispel Undead            Necr           0%           100%        4
 Hailstorm                Conj/Ice       0%           100%        4
 Ice Form                 Ice/Tmut       0%           100%        4
 Petrify                  Tmut/Erth      0%           100%        4
 Summon Ice Beast         Ice/Summ       0%           100%        4
 Summon Lightning Spire   Summ/Air       0%           100%        4
 Agony                    Necr           0%           100%        5
 Alistair's Intoxication  Tmut/Pois      0%           100%        5
 Blade Hands              Tmut           0%           100%        5
 Borgnjor's Vile Clutch   Necr/Erth      0%           100%        5
 Excruciating Wounds      Necr           0%           100%        5
 Fireball                 Conj/Fire      0%           100%        5
 Lee's Rapid Deconstruct  Erth           0%           100%        5
 Metabolic Englaciation   Hex/Ice        0%           100%        5
 Silence                  Hex/Air        0%           100%        5
 Summon Forest            Summ/Tloc      0%           100%        5
 Yara's Violent Unravell  Hex/Tmut       0%           100%        5
 Dispersal                Tloc           0%           100%        6
 Eringya's Noxious Bog    Tmut/Pois      0%           100%        6
 Freezing Cloud           Conj/Ice/Air   0%           100%        6
 Hydra Form               Tmut           0%           100%        6
 Iron Shot                Conj/Erth      0%           100%        6
 Starburst                Conj/Fire      0%           100%        6
 Malign Gateway           Summ/Tloc      0%           100%        7
 Orb of Destruction       Conj           0%           100%        7
 Summon Hydra             Summ           0%           100%        7
 Ignition                 Fire           0%           100%        8


Dungeon Overview and Level Annotations

Branches:
Dungeon (15/15)            Temple (1/1) D:4            Lair (6/6) D:11
 Shoals (2/4) Lair:2        Snake (4/4) Lair:2        Slime (0/5) Lair:6
    Orc (2/2) D:9             Elf (2/3) Orc:2        Vaults (0/5) D:13
 Depths (0/5) D:15         Bailey (visited)           IceCv (visited)
Desolation (visited)      Gauntlet (visited)

Altars:
Ashenzari
Cheibriados
Dithmenos
Fedhas
Gozag
Hepliaklqana
Kikubaaqudgha
Makhleb
Nemelex Xobeh
Okawaru
Ru
Sif Muna
Trog
Uskayaw
Vehumet
Wu Jian
Xom
Yredelemnul
Zin
The Shining One
Jiyva

Shops:
D:4 *=[   D:8 *[:   D:9 [(   D:10 [   D:15 [   Orc:2 }*([[   Snake:1 :?}
Snake:3 [?[

Portals:
Trove: D:14 (give 9 potions of haste)

Annotations:
D:11 1 runed translucent door


Innate Abilities, Weirdness & Mutations

You have sharp fingernails.
You are partially covered in icy blue scales. (AC +2)
Your body sometimes deteriorates upon taking damage.
You are frail. (-10% HP)
Your magical capacity is low. (-10% MP)
Your muscles are strong. (Str +2)


Message History

The salamander mystic points at the salamander mystic and mumbles some strange words.
The salamander mystic seems to speed up.
As you read the scroll of fear, it crumbles to dust.
You assume a fearsome visage.
The nagaraja resists with almost no effort.
The salamander mystic looks frightened! x2; The lindwurm looks frightened!
The guardian serpent looks frightened!
You feel sick.
The nagaraja hits you but does no damage.
The nagaraja grabs you. The nagaraja constricts you.
You escape the nagaraja's grasp.
You feel sick.
Items here: ) [[ †.
You feel sick.
There is an open door here.
You slash the nagaraja!
The nagaraja is severely wounded.
You feel sick. The nagaraja casts a spell at you.
The bolt of poison hits you!!!
You are more poisoned.
You die...

...#
##..§§≈###......###≈≈
...#
##..≈§§##..........##≈
...###
##..≈≈≈##............##
.....#
##(.≈≈≈##....######....#
.....# ##..≈≈≈##...###..
###.). .....#
#..§§≈##.[.##.... ##..
....## #[.≈≈≈#...##.N≈≈≈
##. ..#.#
###[#####).)#..≈≈≈N #.
..#.###.).##.k)#@##.≈≈≈≈≈
##
###..<()###....N##..≈≈§§
##...###.......#k§≈§§§
#...# #.....).'.≈≈§§≈
##### #..N....#.§§≈≈≈
##.....##.≈§§§≈≈ ##N..##
.S§§≈≈≈ ##### #.≈§≈§§
.§§§§≈


You could see a nagaraja (fast) and 2 salamander mystics.

Vanquished Creatures
  Nikola (Shoals:2)
  Jorgrun (Shoals:2)
  A deep elf blademaster (Elf:2)
  Frances (D:12)
  Donald (Shoals:1)
  Ilsuiw (Shoals:2)
  Agnes (Elf:2)
  The ghost of Xyhugg the Cloud Mage, an adept DgAE (Elf:1)
  6 nagarajas (Snake:4)
  An imperial myrmidon (Desolation)
  A cacodemon (Gauntlet)
  Aizul (Snake:3)
  A stone giant (Orc:2)
  The ghost of Pibot the Harbinger of Death, a journeyman MfIE of Yredelemnul (Lair:3)
  A halazid warlock (Desolation)
  Azrael (D:12)
  A minotaur (Gauntlet)
  2 deep elf death magi (Elf:1)
  3 crystal guardians (Desolation)
  A merfolk javelineer (Shoals:2)
  3 merfolk impalers
  A yaktaur captain (D:15)
  8 ragged hierophants (Desolation)
  11 hydras
  Fannar (D:10)
  14 naga warriors
  5 servants of whispers (Desolation)
  4 vault guards (D:13)
  A catoblepas (Lair:6)
  8 anacondas
  9 peacekeepers
  4 boulder beetles
  2 centaur warriors
  An ogre mage (D:13)
  3 alligator snapping turtles (Shoals:2)
  A merfolk avatar (Shoals:2)
  4 two-headed ogres
  7 death yaks
  A deep troll shaman (Lair:6)
  26 dancing weapons
  3 tengu warriors (D:15)
  15 naga sharpshooters
  Urug (Lair:1)
  An orc high priest (Elf:2)
  4 shock serpents
  Sonja (Lair:1)
  4 salamander mystics
  8 deep elf knights (Elf:2)
  2 unseen horrors
  An orange crystal statue (Gauntlet)
  6 sea snakes
  An unseen horror (shapeshifter) (D:14)
  14 harpies
  3 ironbrand convokers (Desolation)
  2 wizards
  9 naga ritualists
  3 lindwurms (Snake:4)
  6 deep elf archers
  A necromancer (IceCv)
  7 orc knights
  7 ugly things
  Pikel (D:8)
  36 deep elf magi
  8 mana vipers
  10 cyclopes
  3 elephants (Lair:6)
  5 fauns (Shoals:1)
  5 manticores
  12 salamanders
  A water nymph (Shoals:2)
  43 black mambas
  21 naga magi
  An ice statue (IceCv)
  A torpor snail (Lair:4)
  7 merfolk sirens
  12 cane toads
  13 guardian serpents
  2 gargoyles (D:13)
  A molten gargoyle (Desolation)
  Maggie (D:10)
  11 freezing wraiths
  10 komodo dragons
  4 rime drakes
  2 ice devils (Lair:4)
  2 yaktaurs (D:15)
  7 trolls
  3 meliai (D:14)
  4 polar bears
  14 merfolk
  10 slime creatures
  4 hornets
  15 blink frogs
  A wind drake (Shoals:1)
  5 snapping turtles
  57 saltlings (Desolation)
  9 dream sheep
  A shadow (D:15)
  4 water elementals
  An air elemental (Elf:2)
  62 yaks
  8 wyverns
  Grum (D:8)
  A vampire (D:14)
  5 fire elementals
  5 basilisks
  2 neqoxecs (Gauntlet)
  2 steam dragons
  7 vampire mosquitoes
  A soldier ant (D:13)
  37 nagas
  3 wargs (Orc:1)
  3 acid dragons
  17 water moccasins
  2 hell hounds (D:12)
  A hornet zombie (D:15)
  40 orc warriors
  6 sky beasts
  5 black bears
  An alligator simulacrum (IceCv)
  7 boggarts
  3 eyes of draining
  12 ogres
  6 phantoms
  21 wolves
  11 ice beasts
  19 centaurs
  A big kobold (D:12)
  20 bullfrogs
  A gnoll sergeant (D:12)
  2 scorpions (D:8)
  A wyvern skeleton (D:12)
  18 killer bees
  20 wights
  7 howler monkeys
  4 electric eels
  3 bullfrog zombies
  8 centaur zombies
  4 draconian simulacra (IceCv)
  8 hounds
  19 orc wizards
  5 jellies
  3 gnoll shamans (D:12)
  10 orc priests
  5 bullfrog skeletons
  7 centaur skeletons
  6 iguanas
  15 worker ants
  4 hell rats (Lair:3)
  2 polar bear simulacra (IceCv)
  5 troll simulacra (IceCv)
  A wolf simulacrum (IceCv)
  3 spriggan simulacra (IceCv)
  4 centaur simulacra (IceCv)
  A hound zombie (D:5)
  2 hound skeletons
  A howler monkey zombie (D:11)
  A worker ant zombie (D:10)
  29 gnolls
  13 adders
  4 naga simulacra (IceCv)
  3 shadow imps
  17 white imps
  4 ufetubi
  An adder zombie (D:7)
  8 worms
  9 dart slugs
  9 leopard geckos
  106 orcs
  2 ball pythons
  8 bats
  18 giant cockroaches
  20 hobgoblins
  8 jackals
  5 quokkas
  5 frilled lizards
  9 goblins
  A goblin skeleton (D:6)
  A goblin zombie (D:6)
  A hobgoblin zombie (D:6)
  13 kobolds
  2 kobold skeletons (D:6)
  3 orc skeletons (D:6)
  An orc zombie (D:6)
  A quokka skeleton (D:6)
  A quokka zombie (D:5)
  8 rats
  A plant (Shoals:2)
1378 creatures vanquished.

Vanquished Creatures (collateral kills)
  A cyclops (Shoals:1)
  3 dream sheep (Shoals:1)
4 creatures vanquished.

Vanquished Creatures (others)
  A deep elf knight (Elf:2)
  A wizard (D:13)
  An orc warrior (Orc:2)
  An adder (D:6)
  3 demonic plants (Gauntlet)
  36 fungi
  117 plants
160 creatures vanquished.

Grand Total: 1542 creatures vanquished

Notes
Turn   | Place    | Note
-------+----------+-------------------------------------------
     0 | D:1      | flidderman the Hill Orc Fighter began the quest for the
                  | Orb.
     0 | D:1      | Reached XP level 1. HP: 19/19 MP: 1/1
   282 | D:1      | Reached skill level 3 in Axes
   282 | D:1      | Reached XP level 2. HP: 27/27 MP: 2/2
   288 | D:1      | Upgraded the game from 0.27-a0-58-g0ec5f8ab93 to
                  | 0.27-a0-67-g4bfc8a49e1
   778 | D:2      | Found a shimmering blue altar of Sif Muna.
   810 | D:2      | Reached XP level 3. HP: 33/33 MP: 3/3
   874 | D:2      | Reached skill level 4 in Axes
  1199 | D:2      | Reached XP level 4. HP: 26/41 MP: 4/4
  1612 | D:3      | Reached skill level 5 in Axes
  2228 | D:3      | Reached XP level 5. HP: 41/47 MP: 5/5
  2529 | D:3      | Noticed a phantom
  2565 | D:3      | Killed a phantom
  2566 | D:3      | Reached skill level 5 in Fighting
  2566 | D:3      | Reached skill level 6 in Axes
  2566 | D:3      | Reached XP level 6. HP: 28/56 MP: 6/6
  3275 | D:4      | Noticed a phantom
  3302 | D:4      | Killed a phantom
  3303 | D:4      | Reached skill level 7 in Axes
  3465 | D:4      | Noticed a moth of wrath
  3467 | D:4      | Found a bloodstained altar of Trog.
  3746 | D:4      | Found Amyajir's Assorted Antiques.
  3856 | D:4      | Reached XP level 7. HP: 43/63 MP: 4/7
  3962 | D:4      | Found Suis's Jewellery Emporium.
  3973 | D:4      | Found a sparkling altar of Nemelex Xobeh.
  4021 | D:4      | Found a staircase to the Ecumenical Temple.
  4031 | Temple   | Entered the Ecumenical Temple
  4037 | Temple   | Became a worshipper of Warmaster Okawaru
  4057 | D:4      | Found Xullenod's Armour Shop.
  4176 | D:4      | Reached skill level 8 in Axes
  4359 | D:4      | Reached skill level 9 in Axes
  4382 | D:4      | Reached * piety under Okawaru
  4415 | D:4      | Gained mutation: You passively map a small area around you.
                  | [potion of mutation]
  4415 | D:4      | Gained mutation: You tend to lose your temper in combat.
                  | [potion of mutation]
  4415 | D:4      | Gained mutation: You have sharp fingernails. [potion of
                  | mutation]
  4415 | D:4      | Gained mutation: Your muscles are strong. (Str +2) [potion
                  | of mutation]
  4416 | D:4      | Lost mutation: You passively map a small area around you.
                  | [potion of mutation]
  4416 | D:4      | Lost mutation: You have sharp fingernails. [potion of
                  | mutation]
  4416 | D:4      | Lost mutation: You tend to lose your temper in combat.
                  | [potion of mutation]
  4416 | D:4      | Gained mutation: You are partially covered in icy blue
                  | scales. (AC +2) [potion of mutation]
  4416 | D:4      | Gained mutation: Your magical capacity is low. (-10% MP)
                  | [potion of mutation]
  4416 | D:4      | Gained mutation: You have sharp fingernails. [potion of
                  | mutation]
  4514 | D:5      | Entered Level 5 of the Dungeon
  4574 | D:5      | Reached XP level 8. HP: 65/71 MP: 5/7
  4785 | D:5      | Reached skill level 10 in Axes
  6433 | D:6      | Reached skill level 11 in Axes
  6657 | D:6      | Identified the Reference Book on Battle Magic and
                  | Enchantment
  6781 | D:6      | Found a burning altar of Makhleb.
  6849 | D:6      | Found a glowing golden altar of the Shining One.
  7128 | D:7      | Reached skill level 1 in Invocations
  7128 | D:7      | Reached XP level 9. HP: 82/82 MP: 8/8
  7147 | D:7      | Found a sacrificial altar of Ru.
  7147 | D:7      | Found a hide-covered altar of Uskayaw.
  7214 | D:7      | Reached ** piety under Okawaru
  8057 | D:8      | Reached skill level 5 in Armour
  8205 | D:8      | Noticed a two-headed ogre
  8216 | D:8      | Killed a two-headed ogre
  8216 | D:8      | Reached *** piety under Okawaru
  8217 | D:8      | Reached skill level 10 in Fighting
  8217 | D:8      | Reached skill level 5 in Invocations
  8238 | D:8      | Reached XP level 10. HP: 57/93 MP: 13/13
  8282 | D:8      | Reached **** piety under Okawaru
  8725 | D:8      | Noticed Pikel
  8735 | D:8      | Killed Pikel
  8769 | D:8      | Found Fosid's Armour Emporium.
  8780 | D:8      | Bought a +0 helmet for 63 gold pieces
  8985 | D:8      | Found an opulent altar of Gozag.
  8998 | D:8      | Noticed Grum
  9000 | D:8      | Found Iproredgh's General Store.
  9010 | D:8      | Killed Grum
  9115 | D:8      | Found Mopnyb's Book Boutique.
  9254 | D:9      | Noticed a two-headed ogre
  9268 | D:9      | HP: 3/96 [two-headed ogre/+0 giant spiked club (27)]
  9270 | D:9      | HP: 1/144 [two-headed ogre/+0 giant spiked club (5)]
  9272 | D:9      | Killed a two-headed ogre
  9272 | D:9      | Reached ***** piety under Okawaru
  9273 | D:9      | Reached skill level 12 in Axes
  9273 | D:9      | Reached skill level 1 in Evocations
  9771 | D:9      | Found a shadowy altar of Dithmenos.
 10038 | D:9      | Reached XP level 11. HP: 66/102 MP: 14/14
 10182 | D:9      | Reached skill level 13 in Axes
 10189 | D:9      | Received a gift from Okawaru
 10593 | D:9      | Found Wizocw's Weapon Emporium.
 10593 | D:9      | Found a staircase to the Orcish Mines.
 10595 | D:9      | Found Diamidgh's Armour Emporium.
 10670 | D:10     | Entered Level 10 of the Dungeon
 10687 | D:10     | Noticed an unseen horror
 10699 | D:10     | Killed an unseen horror
 10832 | D:10     | Noticed Maggie
 10851 | D:10     | Killed Maggie
 10924 | D:10     | Noticed Fannar
 10958 | D:10     | Killed Fannar
 11109 | D:10     | Paralysed by a hornet for 1 turns
 11109 | D:10     | Noticed a cyclops
 11514 | D:10     | Received a gift from Okawaru
 11565 | D:10     | Reached skill level 14 in Axes
 11611 | D:10     | Killed a cyclops
 12124 | D:10     | Found Vyxtaorch's Antique Armour Emporium.
 12509 | D:11     | Noticed a cyclops
 12515 | D:11     | Killed a cyclops
 12516 | D:11     | Reached skill level 1 in Slings
 12516 | D:11     | Reached skill level 5 in Evocations
 12537 | D:11     | Noticed an angel
 12544 | D:11     | Found a glowing golden altar of the Shining One.
 12545 | D:11     | Found a runed translucent door.
 12586 | D:11     | Found a staircase to the Lair.
 12593 | D:11     | Reached skill level 10 in Armour
 12595 | D:11     | Reached XP level 12. HP: 109/110 MP: 15/15
 12625 | D:11     | Reached skill level 15 in Axes
 13183 | D:11     | Got a slimy scale mail
 13550 | D:12     | Noticed Azrael
 13550 | D:12     | Noticed a boulder beetle
 13557 | D:12     | Killed Azrael
 13557 | D:12     | Received a gift from Okawaru
 13557 | D:12     | Killed a boulder beetle
 13579 | D:12     | Reached skill level 16 in Axes
 13608 | D:12     | Found a flagged portal.
 13618 | Bailey   | Entered a bailey
 14227 | D:12     | Received a gift from Okawaru
 14444 | D:12     | Noticed Frances
 14454 | D:12     | Killed Frances
 14459 | D:12     | Reached skill level 5 in Slings
 14756 | D:12     | Received a gift from Okawaru
 14757 | D:12     | Reached skill level 17 in Axes
 14768 | D:12     | Reached ****** piety under Okawaru
 15340 | D:12     | Reached XP level 13. HP: 116/116 MP: 16/16
 15462 | D:12     | Reached skill level 18 in Axes
 15974 | D:13     | Noticed a vault guard
 16021 | D:13     | Noticed a vault guard
 16135 | D:13     | Reached skill level 19 in Axes
 16219 | D:13     | Noticed a vault guard
 16223 | D:13     | Paralysed by a wizard for 7 turns
 16261 | D:13     | Killed a vault guard
 16606 | D:13     | Killed a vault guard
 16629 | D:13     | Received a gift from Okawaru
 16632 | D:13     | Killed a vault guard
 16751 | D:13     | Reached skill level 20 in Axes
 16751 | D:13     | Reached XP level 14. HP: 126/126 MP: 17/17
 16782 | D:13     | Found a gate to the Vaults.
 17090 | D:13     | Reached skill level 21 in Axes
 17491 | D:14     | Received a gift from Okawaru
 17802 | D:14     | Found a portal to a secret trove of treasure.
 18487 | D:8      | Bought the +10 plate armour of the Equator {Rampage Dex+3}
                  | for 1035 gold pieces
 18525 | Orc:1    | Entered Level 1 of the Orcish Mines
 18726 | Orc:2    | Entered Level 2 of the Orcish Mines
 18735 | Orc:2    | Reached XP level 15. HP: 132/132 MP: 18/18
 18794 | Orc:2    | Found a staircase to the Elven Halls.
 19007 | Orc:2    | Found Caphaoq's Gadget Shoppe.
 19047 | Orc:2    | Reached skill level 22 in Axes
 19058 | Orc:2    | HP: 6/132 [orc knight/+0 glaive (31)]
 19789 | Orc:2    | Received a gift from Okawaru
 20218 | Orc:2    | Found Wonuxip's Antique Armour Shoppe.
 20218 | Orc:2    | Found Babliluc's Antique Weapon Shop.
 20220 | Orc:2    | Found Iriuhuim's General Store.
 20222 | Orc:2    | Found Xofugis's Antique Armour Emporium.
 20229 | Orc:2    | Bought a potion of might for 60 gold pieces
 20234 | Orc:2    | Bought a shiny helmet for 217 gold pieces
 20333 | Orc:1    | You fall into a shaft and drop 1 floor!
 20801 | Lair:1   | Entered Level 1 of the Lair of Beasts
 21069 | Lair:1   | Noticed Sonja
 21072 | Lair:1   | Killed Sonja
 21148 | Lair:1   | Received a gift from Okawaru
 21209 | Lair:1   | Noticed Urug
 21219 | Lair:1   | Killed Urug
 21766 | Lair:2   | Found a staircase to the Snake Pit.
 22041 | Lair:2   | Found a staircase to the Shoals.
 22897 | Lair:3   | Found a runed translucent gate.
 22898 | Lair:3   | Found a runed translucent gate.
 22899 | Lair:3   | Found a runed translucent gate.
 22919 | Lair:3   | Noticed Pibot's ghost (journeyman MfIE)
 22938 | Lair:3   | Killed Pibot's ghost
 23115 | Lair:3   | Received a gift from Okawaru
 23775 | Lair:4   | Reached skill level 23 in Axes
 23830 | Lair:4   | Got a transparent jade ring
 23862 | Lair:4   | Found a gate leading to a gauntlet.
 23871 | Gauntlet | Entered a Gauntlet
 23871 | Gauntlet | Found a transporter.
 23871 | Gauntlet | Found a transporter.
 23875 | Gauntlet | Found a transporter.
 23875 | Gauntlet | Found a transporter.
 23876 | Gauntlet | Found a transporter.
 23888 | Gauntlet | Noticed a cacodemon
 23890 | Gauntlet | Found a transporter.
 23894 | Gauntlet | Found a transporter.
 23910 | Gauntlet | Found a transporter.
 23922 | Gauntlet | Found a transporter.
 23939 | Gauntlet | Found a transporter.
 23943 | Gauntlet | Found a transporter.
 23957 | Gauntlet | Found a transporter.
 24316 | Gauntlet | Gained mutation: You are frail. (-10% HP) [a cacodemon]
 24319 | Gauntlet | Killed a cacodemon
 24326 | Gauntlet | Gained mutation: Your body sometimes deteriorates upon
                  | taking damage. [a neqoxec]
 24472 | Gauntlet | Identified the Papyrus of the Compass and Fire
 24529 | Lair:4   | Found a frozen archway.
 24535 | Lair:4   | Reached XP level 16. HP: 117/125 MP: 19/19
 24544 | IceCv    | Entered an ice cave
 24798 | IceCv    | Found an ancient bone altar of Kikubaaqudgha.
 26211 | Lair:5   | Received a gift from Okawaru
 26544 | Lair:5   | Identified the ring of Axiv {Wiz rC+ rN+ Stlth+} (You found
                  | it on level 4 of the Lair of Beasts)
 27313 | Lair:6   | Entered Level 6 of the Lair of Beasts
 27880 | Lair:6   | Identified a scroll of acquirement
 27881 | Lair:6   | Acquired the ring "Tan Seco" {EV+4 Int+3}
 28042 | Lair:6   | Found a staircase to the Slime Pits.
 28043 | Lair:6   | Found a viscous altar of Jiyva.
 28873 | D:14     | Received a gift from Okawaru
 29295 | D:14     | Upgraded the game from 0.27-a0-67-g4bfc8a49e1 to
                  | 0.27-a0-70-g58928b186a
 29311 | D:15     | Entered Level 15 of the Dungeon
 29431 | D:15     | Found Asebuis's Armour Shop.
 29642 | D:15     | Reached skill level 10 in Evocations
 30142 | D:15     | Found a staircase to the Depths.
 30147 | D:15     | Reached XP level 17. HP: 114/136 MP: 20/20
 30151 | D:15     | Received a gift from Okawaru
 30371 | Snake:1  | Entered Level 1 of the Snake Pit
 30563 | Snake:1  | Found Ginup's Magic Scroll Emporium.
 30563 | Snake:1  | Found Poasm's Book Shoppe.
 30587 | Snake:1  | Bought a scroll of fear for 49 gold pieces
 30699 | Snake:1  | Bought a scroll of identify for 28 gold pieces
 30699 | Snake:1  | Bought a scroll of identify for 28 gold pieces
 30699 | Snake:1  | Bought a scroll of identify for 28 gold pieces
 30715 | Snake:1  | Reached skill level 1 in Throwing
 30913 | Snake:1  | Received a gift from Okawaru
 31042 | Snake:1  | Found Uppem's Gadget Emporium.
 32818 | Snake:2  | Reached skill level 15 in Fighting
 33027 | Snake:2  | Reached skill level 15 in Armour
 33040 | Snake:2  | Received a gift from Okawaru
 33054 | Snake:2  | Got a thick robe {god gift}
 34171 | Snake:2  | Upgraded the game from 0.27-a0-70-g58928b186a to
                  | 0.27-a0-93-g19769c27d7
 34520 | Snake:3  | Found Xaegriem's Armour Emporium.
 34522 | Snake:3  | Found Voish's Magic Scroll Shoppe.
 34524 | Snake:3  | Found Nyffurgh's Armour Emporium.
 34553 | Snake:3  | Bought a scroll of identify for 34 gold pieces
 34553 | Snake:3  | Bought a scroll of identify for 34 gold pieces
 35040 | Snake:3  | Identified the Grimoire of Gliding Cold
 35208 | Snake:3  | Noticed Aizul
 35235 | Snake:3  | Killed Aizul
 37216 | Elf:1    | Entered Level 1 of the Elven Halls
 37238 | Elf:1    | Found a ruined gateway.
 37255 | Desolati | Entered the Desolation of Salt
 37273 | Desolati | Reached XP level 18. HP: 103/150 MP: 18/21
 37403 | Desolati | Received a gift from Okawaru
 37413 | Desolati | Received a gift from Okawaru
 37765 | Desolati | Received a gift from Okawaru
 38297 | Desolati | Found the +5 sword of Power {vorpal}
 38314 | Desolati | Got a twisted chain mail
 38318 | Desolati | Identified Sif Muna's Handbook of Creative Displacement
 38323 | Desolati | Got a clouded steel ring
 38334 | Desolati | Identified the ring "Xaklug" {rC+ Dex+6} (You found it in
                  | the Desolation of Salt)
 38458 | Desolati | Identified the Grimoire of Nocuous Ice
 39499 | Elf:1    | Found a large runed translucent door.
 39499 | Elf:1    | Found a large runed translucent door.
 39503 | Elf:1    | Noticed Xyhugg's ghost (adept DgAE)
 39841 | Elf:1    | Received a gift from Okawaru
 40128 | Elf:1    | Killed Xyhugg's ghost
 40129 | Elf:1    | Identified the Guide on Poisoning and the Rocks
 40465 | Elf:2    | Received a gift from Okawaru
 40988 | Elf:2    | Reached XP level 19. HP: 161/161 MP: 22/22
 41252 | Elf:2    | Found a runed translucent gate.
 41252 | Elf:2    | Found a runed translucent gate.
 41252 | Elf:2    | Found a runed translucent gate.
 41470 | Elf:2    | Received a gift from Okawaru
 41653 | Elf:2    | Reached skill level 24 in Axes
 42166 | Elf:2    | Noticed Agnes
 42180 | Elf:2    | Killed Agnes
 42796 | Shoals:1 | Entered Level 1 of the Shoals
 43708 | Shoals:1 | Received a gift from Okawaru
 44000 | Shoals:1 | Upgraded the game from 0.27-a0-93-g19769c27d7 to
                  | 0.27-a0-95-g5a9077b8ae
 44023 | Shoals:2 | Noticed Donald
 44029 | Shoals:2 | Noticed Jorgrun
 44034 | Shoals:2 | Noticed Ilsuiw
 44039 | Shoals:1 | Killed Donald
 44193 | Shoals:2 | Killed Jorgrun
 44194 | Shoals:2 | Received a gift from Okawaru
 45081 | Shoals:2 | Killed Ilsuiw
 45081 | Shoals:2 | Received a gift from Okawaru
 45082 | Shoals:2 | Reached skill level 25 in Axes
 45557 | Shoals:2 | Noticed Nikola
 46308 | Shoals:2 | Killed Nikola
 46308 | Shoals:2 | Received a gift from Okawaru
 46603 | Shoals:2 | Reached XP level 20. HP: 168/171 MP: 23/23
 46930 | Snake:4  | Entered Level 4 of the Snake Pit
 48255 | Snake:4  | Received a gift from Okawaru
 50206 | Snake:4  | Killed from afar by a nagaraja

Illustrated notes

Levels and vault maps discovered:
D:1:      minmay_arrival_widening_spiral_wide, layout_rooms, serial_bayou_lake_a
D:2:      minmay_roachtagon, layout_rooms, nicolae_overflow_crystal_walls
D:3:      layout_basic
D:4:      minmay_chambers_of_threes, layout_rooms, tgw_trog,
          nemelex_xobeh_ov_fountains_minmay, minmay_temple_entry_antechambers,
          serial_shops, shop, shop_fountains,
          nicolae_shop_temple_entry_statues_fountains, kennysheep_generic_room_9
D:5:      layout_basic
D:6:      kennysheep_slugbush, layout_basic, kennysheep_mini_moat,
          nicolae_tso_besieged_by_evil
D:7:      layout_cave_pools, grunt_temple_overflow_open
D:8:      layout_basic, special_room [special_room_orc], basic_altar,
          serial_shops, shop, nicolae_shop_competitors_out_of_business,
          kennysheep_little_box, uniq_grum, uniq_pikel
D:9:      layout_loops_ring, orc_david_3, basic_altar
D:10:     layout_long_grid, serial_shops, nicolae_shop_behind_doors,
          st_stairs_11, minmay_fractal_squares_diagonal_5, uniq_maggie,
          uniq_fannar
D:11:     layout_irregular_city, due_lair_maze_entry_diamond, lemuel_angel_altar
D:12:     kennysheep_seaside_town, layout_basic, enter_bailey_4,
          kennysheep_nondescript, uniq_azrael, uniq_frances
D:13:     layout_small_grid, grunt_vaults_entry_fortified,
          kennysheep_small_square
D:14:     layout_irregular_city, enter_trove_6, minmay_puff
D:15:     grunt_enter_depths_snipers, layout_irregular_city, serial_shops, shop,
          minmay_misc_feat_columns
Temple:   nicolae_temple_x_marks_the_god
Lair:1:   layout_hall_layers, chequers_serial_rivers_micro_e, st_stairs_4,
          uniq_urug, uniq_sonja
Lair:2:   layout_cave_pods, shoals_dummy_entry, guppyfry_snake_entry_garden,
          infiniplex_staircase_pool_2
Lair:3:   layout_hall_layers, gammafunk_ghost_split, grunt_megastairs_1,
          lemuel_fruit_tree, infiniplex_staircase_pool
Lair:4:   layout_cave_pods, portal_ice_cave_demonic_guard,
          gauntlet_entry_generic, serial_bayou_shore_b
Lair:5:   layout_regular_city
Lair:6:   grunt_lair_end_beastmaster, layout_cave_pods, slime_altar_1,
          kilobyte_rumbling_trees
Shoals:1: layout_shoals
Shoals:2: layout_shoals, uniq_nikola, uniq_donald, uniq_ilsuiw, uniq_jorgrun
Snake:1:  hangedman_cross_stitches, layout_gridlike, serial_shops, shop,
          minmay_shoptagon
Snake:2:  layout_chambers
Snake:3:  nrook_guardian_serpent_snake_passage, layout_chambers,
          hangedman_snake_corridor_cut, minmay_shop_star, grunt_megastairs_5,
          uniq_aizul
Snake:4:  snake_pit_salamanders_mu, layout_misc_corridors, drop_trap
Orc:1:    layout_caves
Orc:2:    st_orc_rangers, layout_caves, serial_shops,
          nicolae_shop_window_shopping
Elf:1:    layout_onion_city, ebering_ghost_disaster_area,
          portal_desolation_entry_twin_temple, minmay_elf_crystal_hexagon,
          minivault_23
Elf:2:    layout_geoelf_grid, uniq_agnes

Skill      XL: |  1  2  3  4  5  6  7  8  9 10 11 12 13 14 15 16 17 18 19 20 |
---------------+-------------------------------------------------------------+-----
Axes           | 3 4 5 6 7 9 11 12 14 17 20 21 23 25 | 25.9
Fighting       | 4 5 6 8 10 11 12 14 16 18 19 | 19.7
Invocations    | 1 6 7 |  7.5
Armour         | 6 8 10 11 12 14 16 17 18 19 | 19.1
Evocations     | 2 5 7 10 | 10.0
Slings         | 1 5 |  5.0
Throwing       | 3 |  3.7
Shields        | |  3.5

Action                   |  1- 3 |  4- 6 |  7- 9 | 10-12 | 13-15 | 16-18 | 19-21 || total
-------------------------+-------+-------+-------+-------+-------+-------+-------++-------
Melee: War axe           |    93 |   200 |   364 |   212 |       |       |       ||   869
       Punch             |       |       |       |     3 |       |       |       ||     3
       Battleaxe         |       |       |       |   457 |    95 |       |       ||   552
       Executioner's axe |       |       |       |       |   595 |  1321 |   722 ||  2638
       Dire flail        |       |       |       |       |    33 |       |       ||    33
 Fire: Fustibalus        |       |       |       |     7 |       |       |       ||     7
Throw: Javelin           |       |       |       |       |    12 |     7 |    10 ||    29
Invok: Heroism           |       |       |     3 |     4 |    13 |    12 |     9 ||    41
       Finesse           |       |       |       |     2 |     7 |     5 |     1 ||    15
Evoke: Wand              |       |       |       |     1 |    15 |     9 |     7 ||    32
       Condenser vane    |       |       |       |     1 |     1 |     2 |       ||     4
  Use: Potion            |       |     2 |     4 |     3 |     3 |    14 |    10 ||    36
       Scroll            |       |    13 |       |    11 |    15 |    17 |     6 ||    62
 Stab: Paralysed         |       |       |       |       |       |     1 |       ||     1
       Distracted        |       |       |       |       |       |     1 |       ||     1
Armor: Scale mail        |    57 |    67 |       |       |       |       |       ||   124
       Plate armour      |       |    38 |   241 |   426 |   502 |   882 |   570 ||  2659
Dodge: Dodged            |    55 |    88 |   109 |   244 |   246 |   524 |   228 ||  1494
Block: Kite shield       |     6 |       |       |       |       |       |       ||     6
       Other             |       |       |     8 |   160 |   136 |   249 |   127 ||   680
       Reflection        |       |       |       |    12 |    24 |    12 |    21 ||    69

Table legend: (Time is in decaauts)
 A = Elapsed time spent in this place.
 B = Non-inter-level travel time spent in this place.
 C = Inter-level travel time spent in this place.
 D = Time resting spent in this place.
 E = Time spent auto-exploring this place.
 F = Levels seen in this place.
 G = Mean time per level.
                   A        B        C        D        E       F      G
               +--------+--------+--------+--------+--------+-----+--------+
         Total |  49874 |  48109 |   1765 |  12281 |  25624 |  36 | 1385.4 |
       Dungeon |  19645 |  18774 |    871 |   3167 |  11506 |  15 | 1309.7 |
        Temple |     12 |     12 |      0 |      0 |      0 |   1 |   12.0 |
          Lair |   6676 |   6360 |    316 |     28 |   5292 |   6 | 1112.7 |
        Shoals |   4074 |   3989 |     85 |   1980 |   1381 |   2 | 2037.0 |
     Snake Pit |   9977 |   9726 |    251 |   4506 |   3482 |   4 | 2494.2 |
  Orcish Mines |   2226 |   2115 |    111 |    657 |   1019 |   2 | 1113.0 |
   Elven Halls |   4020 |   3891 |    129 |    940 |   2421 |   2 | 2010.0 |
        Bailey |    561 |    561 |      0 |    207 |    185 |   1 |  561.0 |
      Ice Cave |    768 |    768 |      0 |    284 |    238 |   1 |  768.0 |
    Desolation |   1324 |   1324 |      0 |    511 |      0 |   1 | 1324.0 |
      Gauntlet |    588 |    588 |      0 |      0 |     99 |   1 |  588.0 |
               +--------+--------+--------+--------+--------+-----+--------+

Top non-repeatable levels by time:
 Snake:3: 3302 daAuts
 Snake:4: 2809 daAuts
Shoals:1: 2754 daAuts
   Elf:2: 2396 daAuts
 Snake:2: 2319 daAuts
    D:12: 2065 daAuts
     D:3: 1860 daAuts
   Elf:1: 1623 daAuts
     D:8: 1606 daAuts
    D:10: 1578 daAuts
 Snake:1: 1546 daAuts
     D:5: 1542 daAuts
     D:9: 1473 daAuts
    D:13: 1457 daAuts
     D:6: 1440 daAuts
